 Seeded DCSS version 0.29.1-13-g9f3cf754e1 (webtiles) character file.

Game seed: 1 (custom seed)

4 Kazon the Ducker (level 1, 11/16 HPs)
             Began as a Demonspawn Gladiator on Feb 1, 2023.
             Quit the game on level 1 of the Dungeon.
             The game lasted 00:01:05 (104 turns).

Kazon the Ducker (Demonspawn Gladiator)              Turns: 104, Time: 00:01:06

Health: 11/16      AC:  7    Str: 21    XL:     1   Next: 58%
Magic:  1/1        EV: 12    Int:  9    God:
Gold:   35         SH:  0    Dex: 12    Spells: 0/0 levels left

rFire   . . .      SeeInvis .   a - +0 long sword
rCold   . . .      Faith    .   (no shield)
rNeg    . . .      Spirit   .   b - +0 leather armour
rPois   .          Reflect  .   c - +0 helmet
rElec   .          Harm     .   (no cloak)
rCorr   .          Rampage  .   (no gloves)
Will    .....                   g - +2 pair of boots of Lugonu's Favour {Str+7 Dex-2}
Stlth   +.........              h - amulet of the acrobat
HPRegen 0.05/turn               (no ring)
MPRegen 0.07/turn               (no ring)

@: no status effects
A: no striking features
a: no special abilities


You were on level 1 of the Dungeon.
You visited 1 branch of the dungeon, and saw 1 of its levels.

You collected 35 gold pieces.

Inventory:

Hand Weapons
 a - a +0 long sword (weapon)
Missiles
 d - 3 throwing nets (quivered)
 e - a javelin
Armour
 b - a +0 leather armour (worn)
 c - a +0 helmet (worn)
 g - the +2 pair of boots of Lugonu's Favour (worn) {Str+7 Dex-2}
   (You acquired it on level 1 of the Dungeon)

   Str:       It affects your strength (+7).
   Dex:       It affects your dexterity (-2).
Jewellery
 h - an amulet of the acrobat (around neck)
Potions
 f - a potion of haste {unknown}
 i - a potion of flight {unknown}


   Skills:
 + Level 2.0 Fighting
 + Level 2.8 Long Blades
 + Level 1.7 Throwing
 + Level 2.9 Dodging


You couldn't memorise any spells.
You didn't know any spells.
Your spell library was empty.

Dungeon Overview and Level Annotations

Branches:
Dungeon (1/15)

Altars:


Message History

You continue putting on your amulet of the acrobat. x3
HP restored.
You continue putting on your amulet of the acrobat. x2
You finish putting on your amulet of the acrobat.
You feel ready to tumble and roll out of harm's way.
h - an amulet of the acrobat (around neck)
Found a ruby potion.
A kobold comes into view. It is wielding a +0 whip.
The kobold shouts!
An endoplasm comes into view.
Found 4 gold pieces.
You hit the kobold.
You kill the kobold!
The endoplasm closely misses you.
You hit the endoplasm.
The endoplasm is heavily wounded.
The endoplasm freezes you.
You are frozen.
You barely miss the endoplasm.
The endoplasm is heavily wounded.
The endoplasm closely misses you. The endoplasm misses you.
You slash the endoplasm!
You kill the endoplasm!
i - a ruby potion You now have 35 gold pieces (gained 4).
As you open the door, it creaks loudly!
You hear a shout!
There is an open door here.
A goblin comes into view. It is wielding a +0 club.
You barely miss the goblin. The goblin hits you with a +0 club.
You barely miss the goblin. The goblin misses you.
You hit the goblin.
The goblin is severely wounded.
The goblin misses you. The goblin hits you but does no damage.
You miss the goblin.
The goblin is severely wounded.
The goblin hits you but does no damage.
You slash the goblin!
You kill the goblin!
Unknown command.
Are you sure you want to abandon this character and quit the game? (Confirm with "yes".)

##....# #.........
......# #........
......# #.......#
......# #.......#
##....# #.......#
##....###.......#
##..............## ..
##......).......'####...
##..............@)......
##......................
#...####.####.........#
#...# #.# #.........#
#...# #.# #.........#
#... #.# #.........# #..
#.# #.........# ..#
#.........# #.........#


There were no monsters in sight!

Vanquished Creatures
  An endoplasm (D:1)
  A goblin (D:1)
  A kobold (D:1)
  A bat (D:1)
4 creatures vanquished.

Notes
Turn   | Place    | Note
-------+----------+-------------------------------------------
     0 | D:1      | Kazon the Demonspawn Gladiator began the quest for the Orb.
     0 | D:1      | Reached XP level 1. HP: 16/16 MP: 1/1
    34 | D:1      | Identified a scroll of acquirement
    34 | D:1      | Acquired the +2 pair of boots of Lugonu's Favour {Str+7
                  | Dex-2}
   104 | D:1      | Quit the game

Illustrated notes

Levels and vault maps discovered:
D:1:      dpeg_arrival_three_smaller_balls, layout_basic

Action                   || total
-------------------------++-------
Melee: Long sword        ||    13
  Use: Scroll            ||     1
Armor: Leather armour    ||    10
Dodge: Dodged            ||    21
